[Event "85th Tata Steel Challengers 2023"]
[Site "Wijk aan Zee"]
[Date "2023.01.17"]
[Round "4.4"]
[White "Yilmaz, Mustafa"]
[Black "Warmerdam, Max"]
[Result "1-0"]
[ECO "D45"]
[WhiteElo "2609"]
[BlackElo "2616"]
[Annotator "TA"]
[PlyCount "91"]
[EventDate "2023.01.10"]
[EventType "tourn"]
[EventCountry "NED"]
[SourceTitle "playchess.com"]
[Source "ChessBase"]
[SourceQuality "1"]
[TimeControl "40/6000+30:30/3000+30:900+30"]

1. d4 d5 2. c4 c6 3. Nf3 Nf6 4. Nc3 e6 5. e3 Nbd7 6. Be2 Bd6 7. O-O O-O 8. b3 b6 9. Bb2 Bb7 10. Qc2 Qe7 11. Rad1 Rad8 12. Rfe1 Rfe8 13. h3 {[%emt 0:06:04] D45: Semi-Slav: 5 e3.} h6 14. Bf1 c5 15. cxd5 {[%emt 0:02:21] The position is equal.} exd5 {[%emt 0:01:23] [#]} 16. Ba1 $146 ({Predecessor:} 16. Qf5 Bb8 17. Bb5 a6 18. Bxd7 Rxd7 19. Na4 Qe4 20. Qxe4 dxe4 21. Nh4 Rd5 22. dxc5 {1-0 Gorshtein,I (2417)-Kardashevskiy,E (2429) Novi Sad TS Mix 227th 2021 (5)}) 16... Rc8 17. Qb2 cxd4 18. Nxd4 Ba3 ({But not} 18... Qe5 19. f4 Qe7 20. Nf5 $16) (18... Bb4 $5 19. Ndb5 d4 20. Rxd4 a6 $15) 19. Qb1 Bb4 20. Rc1 Ne5 21. Rc2 Ne4 22. Rec1 {[%emt 0:00:38][%cal Oc3d5] [#] And now Nxd5! would win.} Bxc3 23. Bxc3 Rxc3 24. Rxc3 Nxc3 25. Rxc3 Rc8 $1 26. Rxc8+ Bxc8 27. Qb2 Bd7 28. b4 Nc6 29. Nxc6 Bxc6 $14 {[%emt 0:00:01][%mdl 4096] Endgame KQB-KQB} 30. Qd4 Qd7 31. Be2 Qf5 32. Bd3 {[%emt 0:00:57] Repels Qb1+} Qd7 33. Qf4 {[%emt 0:01:28] Qb8+ is the strong threat.} Kf8 (33... Qc8 $14) 34. b5 $16 {[%emt 0:01:29] White is more active.} Ba8 $2 {[%emt 0:00:21][%mdl 8192] This move loses the game for Black.} (34... Bb7 $16) 35. Qb8+ $18 Qe8 36. Qxa7 Qd8 37. Be2 d4 38. exd4 {[%emt 0:00:29] [#] Threatens to win with Bc4.} ({Less strong is} 38. Bc4 Bd5 39. Bxd5 Qxd5 $16) 38... Bd5 {[%emt 0:00:10] Dodges Bc4} 39. Bf1 (39. a4 $142) 39... Be6 $2 (39... g6 {was necessary.} 40. a3 h5) 40. Qa3+ (40. a4 $142) 40... Kg8 41. Qb2 Qa8 42. a3 Qe4 43. Qd2 Bd5 44. Kh2 Qb1 45. Bd3 Qb3 46. Qc2 {[%emt 0:16:02] Weighted Error Value: White=0.22 (precise) /Black=0.41} 1-0

[Event "85th Tata Steel Challengers 2023"]
[Site "Wijk aan Zee"]
[Date "2023.01.17"]
[Round "4.5"]
[White "Pechac, Jergus"]
[Black "Donchenko, Alexander"]
[Result "0-1"]
[ECO "B22"]
[WhiteElo "2637"]
[BlackElo "2627"]
[Annotator "TA"]
[PlyCount "72"]
[EventDate "2023.01.10"]
[EventType "tourn"]
[EventCountry "NED"]
[SourceTitle "playchess.com"]
[Source "ChessBase"]
[SourceQuality "1"]
[TimeControl "40/6000+30:30/3000+30:900+30"]

1. e4 c5 2. c3 Nf6 3. e5 Nd5 4. d4 cxd4 5. Bc4 Nb6 6. Bb3 d6 7. Nf3 Nc6 {[%emt 0:04:03] [#]} 8. a4 $146 {[%emt 0:00:47] B22: Sicilian: 2 c3.} ({Predecessor:} 8. exd6 Qxd6 9. O-O e6 10. cxd4 Be7 11. Nc3 O-O 12. Ne4 Qd8 13. Bf4 Nd5 14. Bd2 b6 15. Qe2 Bb7 16. Rfd1 Rc8 17. Rac1 Rc7 18. Neg5 Nxd4 19. Nxd4 Bxg5 20. Rxc7 Nxc7 21. Bb4 Re8 {½-½ Firouzja,A (2702)-Sarana,A (2655) Titled Tuesday intern op 6th Aug blitz 2019 (7)}) 8... e6 9. exd6 Bxd6 10. cxd4 {[%emt 0:00:08] The position is equal.} Nd5 11. Nc3 O-O 12. O-O b6 13. Re1 Bb7 (13... Nce7 {keeps more tension.} 14. Qd3 Bb7 15. Ng5 Nf6) 14. Nxd5 exd5 15. Bg5 Qd7 16. Ne5 (16. Bxd5 Bxh2+ 17. Kxh2 Qxd5 $17) 16... Qf5 17. Bh4 {[%emt 0:00:53] Bc2 would be deadly.} Nxe5 18. dxe5 Bc5 (18... Bxe5 $2 19. Bc2 Bxh2+ 20. Kxh2 Qf4+ 21. Bg3 $18) 19. Bc2 Qf4 20. Bg3 (20. Qh5 $2 g6 21. Qf3 Qxh4 $19) 20... Qh6 21. Qf3 Rad8 22. Bf4 Qh4 23. g3 Qe7 24. h4 d4 (24... Qd7 {with more complications.} 25. Bg5 d4 26. Qd3 g6) 25. Qd3 {[%emt 0:00:06][%csl Gc2][%cal Rd3h7] [#]} g6 26. f3 ({Don't play} 26. Bg5 Qe6 27. Bxd8 Qh3 $11) ({Better is} 26. Bb3 $11) 26... Qe6 {[%emt 0:01:56] Black wants to play ...Bd5.} (26... Bd5 $5 ) 27. Kg2 (27. Bb3 $5 Ba6 28. Bxe6 Bxd3 29. Bb3 $11) 27... Bd5 28. b3 {[%emt 0:00:21] Repels Bc4} (28. Qd1 $11) 28... Bb4 $17 29. Re2 Rc8 {[%emt 0:00:47][%cal Bd8c8,Bc8c3,Bc3c5][%mdl 32] [#] Threatens to win with ...Rc3.} 30. Rf1 ({Much weaker is} 30. Qxd4 Bc3 31. Qg1 Bxa1 32. Qxa1 Bxb3 $19) 30... Rfd8 31. Kh2 (31. Bd2 $142 Bxd2 32. Qxd2) 31... Bb7 $19 {[%emt 0:01:41] And now ...Rc3 would win.} 32. Bg5 (32. Bd2 $142 Bxd2 33. Rxd2) 32... Rc3 33. Qb5 (33. Bxd8 {might work better.} Rxd3 34. Bxd3) 33... Be7 {[%emt 0:01:45] Black is clearly winning.} 34. Bxe7 Qxe7 35. Be4 {[%emt 0:01:18] Prevents Rd5} d3 36. Rd2 Rc5 {[%emt 0:03:20] Weighted Error Value: White=0.37/Black=0.05 (flawless)} 0-1

[Event "85th Tata Steel Challengers 2023"]
[Site "Wijk aan Zee"]
[Date "2023.01.17"]
[Round "4.6"]
[White "Supi, Luis Paulo"]
[Black "Beerdsen, Thomas"]
[Result "1/2-1/2"]
[ECO "B22"]
[WhiteElo "2608"]
[BlackElo "2515"]
[Annotator "TA"]
[PlyCount "79"]
[EventDate "2023.01.10"]
[EventType "tourn"]
[EventCountry "NED"]
[SourceTitle "playchess.com"]
[Source "ChessBase"]
[SourceQuality "1"]
[TimeControl "40/6000+30:30/3000+30:900+30"]

1. e4 c5 2. c3 Nf6 3. e5 Nd5 4. Nf3 e6 5. d4 cxd4 6. cxd4 b6 {[%emt 0:00:08] [#]} 7. h4 $146 {[%emt 0:02:28][%cal Bh2h4,Bh4h5,Bh5h6][%mdl 32] B22: Sicilian: 2 c3.} ({Predecessor:} 7. Bb5 Be7 8. Nc3 Nxc3 9. bxc3 Bb7 10. h4 a6 11. Bd3 d6 12. Bf4 Qc7 13. Rh3 Nd7 14. Kf1 dxe5 15. Nxe5 {½-½ Abdusattorov,N (2713)-Wang,H (2722) Gashimov Memorial Rapid 8th 2022 (5)}) 7... Qc7 8. h5 Nc6 9. Na3 {[%emt 0:23:26] White has an edge.} a6 {[%emt 0:05:36] Against Nb5} (9... Bxa3 {is more appropriate.} 10. bxa3 h6) 10. h6 b5 11. Bd2 Bb7 12. Rc1 Qb6 ({Black should play} 12... g6 $11) 13. Nc2 f6 ({Better is} 13... g6 $11) 14. Bd3 ({White should try} 14. hxg7 $14 Bxg7 15. exf6 Bxf6 16. Bd3) 14... fxe5 (14... g6 $1 $11) 15. dxe5 $16 gxh6 16. Be4 (16. Kf1 $1 $16) 16... Nce7 $14 17. Ne3 Rg8 (17... Kd8 $14) 18. Nh2 (18. Bxh7 $18 {has better winning chances.} Rh8 19. Be4) 18... Nf4 $16 19. Neg4 $1 Bxe4 (19... Nxg2+ $2 20. Bxg2 Bxg2 21. Rg1 $18) 20. Nf6+ Kd8 $2 (20... Kf7 $11 21. Bxf4 Bxg2 22. Nxg8 Bxh1 23. Nxe7 Bxe7) 21. Bxf4 $18 Nd5 (21... Bxg2 $2 22. Qxd7#) 22. Nxe4 {[%emt 0:03:09] A dynamic duo of knights.} ({Only move:} 22. Nxg8 $18 Nxf4 23. O-O) 22... Nxf4 $14 23. Qf3 $40 {[%emt 0:03:45][%mdl 128] White attacks.} (23. Nf6 Qb7 24. Qd4 (24. Nxg8 Qe4+ 25. Kf1 Qxg2+ 26. Ke1 Qe4+ 27. Kd2 Qd3+ 28. Ke1 Ng2#) (24. Qd2 $2 Bb4 $19 {[%mdl 64] Decoy}) 24... Nxg2+ 25. Ke2 Rg7) 23... Bb4+ (23... Nxg2+ $2 24. Kf1 Rc8 25. Rxc8+ Kxc8 26. Qf7 Ne3+ 27. fxe3 $18) 24. Kf1 Nd5 25. Nf6 Rf8 26. Nhg4 {[%emt 0:04:20] Chess con chili. White is more active.} Rc8 27. Rxc8+ Kxc8 {[%emt 0:00:05] [#]} 28. Rxh6 (28. Nxd5 $6 exd5 29. Nf6 (29. Qxd5 Rf4 $11) 29... Qc7 30. Qxd5 Qc1+ 31. Ke2 Qc2+ 32. Kf3 Qf5+ 33. Kg3 Rxf6 34. Qa8+ Kc7 35. Qa7+ (35. exf6 $2 Bd6+ 36. Kh4 Qg5+ 37. Kh3 Qh5#) 35... Kc8 36. Qa8+ (36. exf6 $2 Bd6+ 37. Kh4 Qg5+ 38. Kh3 Qh5#) 36... Kc7 37. Qa7+ (37. exf6 $2 Bd6+ 38. Kh4 Qg5+ 39. Kh3 Qh5#) 37... Kc8 38. Qa8+ $11 (38. exf6 $2 Bd6+ 39. Kh4 Qg5+ 40. Kh3 Qh5#)) (28. g3 $1 $16) 28... Qd4 $11 29. g3 d6 $2 (29... Qxb2 $11 {and Black has nothing to worry.} 30. Qb3 Qxb3 31. axb3 Nxf6 32. exf6 (32. Nxf6 Rh8 $15) 32... Bc3) 30. Qe4 (30. Rxh7 $6 dxe5 31. Qe4 Bc5 $11) (30. Qe2 $6 Nxf6 31. exf6 Qd5 $16) 30... Qxb2 (30... dxe5 $16 31. Qc2+ Qc4+ 32. Qxc4+ bxc4) 31. Kg2 Nc7 32. exd6 (32. Nxh7 d5 33. Qg6 Rh8 $11) (32. Qxh7 Rd8 $14) (32. Rxh7 d5 33. Qe3 Qc3 34. Qxc3 (34. Qb6 Rd8 $16) 34... Bxc3 $18) 32... Bxd6 33. Qc6 {[%emt 0:00:43] Wards off Qc3. Strongly threatening Qd7+.} ({Worse is} 33. Rxh7 Rxf6 34. Qc6 Rf5 35. Qd7+ (35. Qxd6 Qc2 $11) 35... Kb7 36. Qxd6 Qc2 $11) (33. Qxh7 Rd8 $11) (33. Nxh7 Rh8 $11) 33... Qd4 34. Rxh7 {[%emt 0:00:32] Ne4 is the strong threat.} Rd8 {[%emt 0:00:20] [#]} 35. Kh3 $2 ({White has to play} 35. Ne3 $1 $18 Qxf6 36. Nd5 exd5 37. Rxc7+ Bxc7 38. Qxf6) 35... Qc4 $1 36. Qf3 Qxa2 ({Much less strong is} 36... Nd5 37. Ne4 $14) 37. Ne4 (37. Nh6 $11 Qb2 38. Nf7) 37... Qd5 $17 38. Rf7 {[%emt 0:01:03] Against Qf5} (38. Ne3 $17 {is a better defense.} Qc6 39. Kg2) 38... Kb8 (38... a5 $19 {is more deadly. Hoping for ...a4.} 39. Kg2 b4) 39. Kg2 (39. Ngf6 $17 {was called for.} Qc6 40. Qe3) 39... Qc6 $19 40. Ngf6 {[%emt 0:00:42] An exciting game.   Weighted Error Value: White=0.66/Black=0.34} 1/2-1/2

[Event "85th Tata Steel Challengers 2023"]
[Site "Wijk aan Zee"]
[Date "2023.01.17"]
[Round "4.7"]
[White "Mishra, Abhimanyu"]
[Black "L'Ami, Erwin"]
[Result "0-1"]
[ECO "E04"]
[WhiteElo "2559"]
[BlackElo "2627"]
[Annotator "TA"]
[PlyCount "154"]
[EventDate "2023.01.10"]
[EventType "tourn"]
[EventCountry "NED"]
[SourceTitle "playchess.com"]
[Source "ChessBase"]
[SourceQuality "1"]
[TimeControl "40/6000+30:30/3000+30:900+30"]

1. d4 d5 2. Nf3 Nf6 3. c4 e6 4. g3 dxc4 5. Bg2 c5 6. O-O Nc6 7. Qa4 Bd7 8. dxc5 (8. Qxc4 $5 b5 9. Qd3 $11) 8... Qa5 {[%emt 0:08:44] 8...Na5 is becoming the main line. E04: Open Catalan: 5 Nf3.} (8... Na5 $5 9. Qc2 Bxc5 $11) 9. Qxa5 Nxa5 10. Bd2 Nc6 {[%emt 0:02:47] White is slightly better.} 11. Na3 Bxc5 12. Nxc4 {[%emt 0:00:31] [#]} Nd5 $146 ({Predecessor:} 12... O-O 13. Rfd1 Rfd8 14. Rac1 Be8 15. Nfe5 Nxe5 16. Nxe5 Rac8 17. Nd3 b6 18. Nxc5 Rxc5 {½-½ Baenziger,F (2426)-Naumann,A (2504) AUT-chT 2223 2022 (3.2)}) 13. a3 Be7 14. b4 O-O 15. b5 Nb8 16. a4 a6 17. b6 (17. Rab1 $16) 17... Rc8 18. Rfc1 Nc6 19. a5 (19. e4 $5 Nf6 20. Bf4 $14) 19... f6 (19... Be8 $11 {remains equal.}) 20. e4 $16 Ndb4 21. e5 $1 $36 {[%emt 0:02:58][%mdl 2048] White is really pushing.} Nd5 22. Nd6 Bxd6 23. exd6 Rd8 24. Ne1 Be8 25. Nd3 $1 {[%emt 0:05:49] Strongly threatening Nc5.} Rxd6 (25... Nd4 $142) 26. Nc5 Nd8 27. Ne4 (27. Rd1 $1 $16) 27... Rc6 $11 28. Nc3 {[%emt 0:01:11] [#]} Nxc3 29. Bxc6 {[%emt 0:03:57] This pair of bishops is nice.} (29. Bxc3 Rc4) 29... Ne2+ 30. Kf1 Nxc6 31. Kxe2 Nd4+ 32. Ke3 Nb3 33. Bb4 Nxa1 34. Rxa1 $15 {[%emt 0:00:02][%mdl 4096] Endgame KRB-KRB} Rc8 {[%emt 0:01:22] Inhibits Rc1.} 35. Ra3 Rc4 36. Bd2 Bc6 37. f3 Rc5 38. Rd3 Kf7 39. Rd8 Rb5 40. f4 h6 41. Bc3 Rb1 42. Rd6 Ke7 43. Rd4 g5 44. Rc4 Kf7 45. Rd4 Rf1 46. Bb4 Kg6 47. Be7 (47. fxg5 $17 {keeps fighting.} hxg5 48. Rc4 Rf3+ 49. Kd2) 47... Bd5 48. Bf8 (48. fxg5 $142 hxg5 49. Bb4) 48... Re1+ $1 $19 49. Kd3 Rh1 50. fxg5 hxg5 51. h4 Rh3 52. Bd6 {[%emt 0:00:28] [#]} Bc6 (52... Bg2 $1 $19 53. hxg5 e5) 53. Kd2 $17 e5 54. Rc4 (54. Bxe5 $17 gxh4 55. Rd6) 54... Bd5 $19 ({Weaker is} 54... Rxg3 55. Rxc6 bxc6 56. Kc2 $11) 55. Rc5 {[%emt 0:01:27] [#]} Be4 56. Bxe5 $2 (56. hxg5 Rxg3 57. Rc4) 56... gxh4 $2 (56... fxe5 57. Rxe5 Bf5) 57. Bc7 f5 (57... hxg3 $19 {has better winning chances. White must now prevent ...g2.} 58. Rc3 Rh2+ 59. Ke3 f5 60. Bxg3 Ra2) 58. gxh4 $17 Rd3+ 59. Ke2 Kh5 60. Re5 (60. Bf4 $15) 60... Kxh4 $19 61. Re8 Ra3 62. Re5 Kg4 63. Bd6 (63. Re7 $142) 63... Ra4 64. Kf2 Bc6 {[%emt 0:00:00] Wards off Re8} 65. Rc5 {[%emt 0:00:00][%cal Oc5c6] Threatens to win with Rxc6!} Be4 (65... Bf3 $142 66. Be5 Ra2+ 67. Ke1 f4) 66. Re5 $1 f4 67. Re7 Bd5 68. Bc7 $2 (68. Re1 {was called for.}) 68... Rxa5 {[%emt 0:00:00] ...f3 is the strong threat.} 69. Rg7+ $2 (69. Re2) 69... Kf5 70. Rh7 Ra2+ 71. Ke1 f3 72. Rh5+ Ke4 73. Re5+ Kd4 74. Rf5 {[%emt 0:00:11] [#]} Ke3 $1 75. Bf4+ Ke4 {[%emt 0:00:07][%mdl 64] Deflection} 76. Re5+ Kd4 {[%emt 0:00:17] ( -> ...f2+)} 77. Bg3 {[%emt 0:01:15] [#]} f2+ $1 {[%emt 0:00:09] Weighted Error Value: White=0.26 (precise) /Black=0.19 (very precise)} 0-1

[Event "85th Tata Steel Challengers 2023"]
[Site "Wijk aan Zee"]
[Date "2023.01.18"]
[Round "5.1"]
[White "Tabatabaei, M. Amin"]
[Black "Yilmaz, Mustafa"]
[Result "0-1"]
[ECO "D35"]
[WhiteElo "2686"]
[BlackElo "2609"]
[Annotator "TA"]
[PlyCount "98"]
[EventDate "2023.01.10"]
[EventType "tourn"]
[EventCountry "NED"]
[SourceTitle "playchess.com"]
[Source "ChessBase"]
[SourceQuality "1"]
[TimeControl "40/6000+30:30/3000+30:900+30"]

1. c4 e6 2. Nc3 d5 3. d4 Nf6 4. cxd5 exd5 5. Bg5 c6 6. e3 Be7 7. Bd3 Nbd7 8. Nf3 Ne4 9. Bf4 (9. Nxe4 $2 dxe4 10. Bxe4 (10. Bxe7 $2 Qxe7 11. O-O O-O $19) 10... Bxg5 $19) 9... Ndf6 {[%emt 0:00:24] D35: Queen's Gambit Declined: Exchange Variation.} 10. O-O O-O 11. Ne5 Bd6 {[%emt 0:09:09] [#] The position is equal.} 12. Na4 $146 (12. Nxe4 $142 dxe4 13. Bc4) ({Predecessor:} 12. h3 Qc7 13. Ne2 Nc5 14. Bc2 Ne6 15. Bg3 g6 16. Bh4 Ne8 17. f3 f6 18. Nd3 {½-½ Nichols,S (2350)-Enev,Z (2382) ZH-2021-0-01923}) 12... g5 $11 13. Bxe4 Nxe4 14. f3 $1 gxf4 15. fxe4 dxe4 16. exf4 ({Much weaker is} 16. Rxf4 f6 17. Qb3+ Kg7 $17) 16... f6 (16... Bc7 {feels hotter.} 17. f5 Qg5 18. Qg4 Qxg4 19. Nxg4 Kg7) 17. Nc4 ({But not} 17. Qb3+ Kg7 18. Nc4 Be7 $17) 17... Bc7 {[%emt 0:06:05] Threatens to win with ...b5.} 18. Ne3 Kh8 19. Rc1 Qe7 20. Qc2 Bd6 21. a3 Re8 22. Rce1 Qc7 23. g3 Bh3 24. Rf2 Rad8 25. Nc3 Qe7 26. Rd2 Bc7 27. Ncd1 (27. Kh1 $11 {might be stronger.}) 27... Bb6 (27... Qg7 $5 28. Nf2 Bc8 $15) 28. Nf2 Be6 {[%emt 0:02:38] A strong pair of Bishops.} 29. Qc3 {[%emt 0:03:11] [#]} (29. f5 $15 Bg8 30. Qc3) 29... Bf7 (29... f5 $1 $17 {aiming for ...Qg7.} 30. Nc2 (30. d5+ Qg7 $17) 30... Qg7) 30. b4 Qe6 31. Rb1 (31. Nc2 $11) 31... Rd6 32. f5 Qd7 33. Rbd1 Bd5 34. Kg2 Kg7 35. Nh3 Bf7 36. Nf4 Rd8 37. d5 $2 {[%emt 0:01:19][%mdl 8192] Loses the game.} (37. Qc2 $11) 37... cxd5 $19 {[%emt 0:03:17] ...d4 would be deadly.} 38. Rxd5 (38. Rd4 $142) 38... Bxd5 39. Rxd5 Rxd5 {[%emt 0:01:54][%mdl 64] Remove Defender} 40. Nexd5 Qxf5 41. Nxf6 Kf7 42. N6d5 e3 ({Weaker is} 42... Rxd5 43. Qc4 $11) 43. Kf3 {[%emt 0:00:00] Against Qe4+} (43. Qc4 Rc8 44. Nxe3+ Rxc4 45. Nxf5 Rc2+ 46. Kh3) 43... Rxd5 {[%emt 0:13:06] Black is clearly winning.} 44. Qb3 {[%emt 0:00:00] [#] Repels e2} e2 $1 45. Kxe2 Qe4+ 46. Kf1 Qh1+ 47. Ke2 Qxh2+ 48. Kf3 {[%emt 0:00:00] [#]} Qf2+ $1 49. Ke4 Qd4+ {[%emt 0:00:06] Weighted Error Value: White=0.53/Black=0.10 (very precise)} 0-1

[Event "85th Tata Steel Challengers 2023"]
[Site "Wijk aan Zee"]
[Date "2023.01.18"]
[Round "5.2"]
[White "Donchenko, Alexander"]
[Black "Supi, Luis Paulo"]
[Result "1/2-1/2"]
[ECO "D59"]
[WhiteElo "2627"]
[BlackElo "2608"]
[Annotator "TA"]
[PlyCount "50"]
[EventDate "2023.01.10"]
[EventType "tourn"]
[EventCountry "NED"]
[SourceTitle "playchess.com"]
[Source "ChessBase"]
[SourceQuality "1"]
[TimeControl "40/6000+30:30/3000+30:900+30"]

1. d4 d5 2. c4 e6 3. Nc3 Be7 4. Nf3 Nf6 5. Bg5 h6 6. Bh4 O-O 7. e3 b6 8. cxd5 Nxd5 9. Bxe7 Qxe7 10. Rc1 Bb7 11. Bd3 Rc8 12. O-O c5 {[%emt 0:03:52] The position is equal.} 13. Nxd5 {[%emt 0:07:53] D59: Queen's Gambit Declined: Tartakower Defence: Main line (8 cxd5 Nxd5).} Bxd5 14. Ne5 Nd7 15. Nxd7 Qxd7 16. dxc5 Rxc5 17. Rxc5 bxc5 18. Bc4 Rd8 19. Bxd5 Qxd5 {[%emt 0:00:12] [#]} 20. Qxd5 $146 ({Predecessor:} 20. Qa4 c4 21. g3 Rb8 22. Rd1 Qf3 23. Qc2 g6 24. Rd2 Rc8 25. h4 h5 26. Qc3 {1-0 Bouchaud,V (2195)-Toth,C (2355) Oz.com qual blitz 2000 (5)}) 20... Rxd5 $11 {[%emt 0:00:05] KR-KR} 21. f3 Rd2 22. Rf2 Rd1+ 23. Rf1 Rd2 24. Rf2 Rd1+ 25. Rf1 Rd2 {[%emt 0:00:07] A rather calm draw.   Weighted Error Value: White=0.00 (flawless) /Black=0.00 (flawless)} 1/2-1/2

[Event "85th Tata Steel Challengers 2023"]
[Site "Wijk aan Zee"]
[Date "2023.01.18"]
[Round "5.3"]
[White "L'Ami, Erwin"]
[Black "Ivic, Velimir"]
[Result "1/2-1/2"]
[ECO "D12"]
[WhiteElo "2627"]
[BlackElo "2585"]
[Annotator "TA"]
[PlyCount "77"]
[EventDate "2023.01.10"]
[EventType "tourn"]
[EventCountry "NED"]
[SourceTitle "playchess.com"]
[Source "ChessBase"]
[SourceQuality "1"]
[TimeControl "40/6000+30:30/3000+30:900+30"]

1. d4 d5 2. c4 c6 3. Nf3 Nf6 4. e3 Bf5 5. Nc3 e6 6. Nh4 Be4 7. f3 Bg6 8. Qb3 Qc7 9. cxd5 {[%emt 0:02:03] D12: Slav Defence: 3 Nf3 Nf6 4 e3 Bf5.} Nxd5 (9... cxd5 $11 10. Nxg6 hxg6) 10. e4 $14 Nxc3 11. bxc3 {[%emt 0:00:08] White is slightly better.} Be7 12. Nxg6 hxg6 {[%emt 0:00:06] [#]} 13. Be3 $146 ({Predecessor:} 13. g3 Nd7 14. Be3 O-O 15. Be2 c5 16. Kf2 e5 17. Rac1 Rac8 18. Rhd1 c4 19. Qb2 {½-½ So,W (2776)-Korobov,A (2671) Warsaw Superbet Classic rapid 2022 (1)}) 13... Bh4+ 14. Kd2 Nd7 15. Bd3 (15. Rb1 $14) 15... Be7 $11 16. g3 O-O ({Better is} 16... O-O-O $11) 17. Ke2 $14 b5 18. Rhc1 Rfb8 19. a4 bxa4 {[%emt 0:06:46] The position is equal.} 20. Qxa4 a5 21. Rcb1 {[%emt 0:05:21] Prevents Rb2+} Nb6 22. Qc2 c5 23. Bf4 Bd6 {[%emt 0:00:24] [#] ...c4 is the strong threat.} 24. dxc5 Qxc5 {[%emt 0:00:17] aiming for ...Bxf4.} 25. Rb5 Qc7 26. Bxd6 (26. Raxa5 $2 {perishes.} Bxf4 27. Rxa8 Rxa8 $19) 26... Qxd6 27. Rbxa5 Rxa5 28. Rxa5 Nd7 (28... Rd8 {seems wilder.} 29. Rb5 g5 30. Rb4 Qc5) 29. Ra1 Nc5 30. Bc4 Qe5 31. Kf1 g5 32. Re1 Rc8 33. Be2 g6 34. Kg2 Kg7 35. Rd1 g4 36. f4 Qxe4+ 37. Qxe4 Nxe4 38. Bxg4 Rxc3 39. Re1 {[%emt 0:00:37] Weighted Error Value: White=0.06 (flawless) /Black=0.06 (flawless)} 1/2-1/2

[Event "85th Tata Steel Challengers 2023"]
[Site "Wijk aan Zee"]
[Date "2023.01.18"]
[Round "5.4"]
[White "Sindarov, Javokhir"]
[Black "Pechac, Jergus"]
[Result "1-0"]
[ECO "B01"]
[WhiteElo "2654"]
[BlackElo "2637"]
[Annotator "TA"]
[PlyCount "105"]
[EventDate "2023.01.10"]
[EventType "tourn"]
[EventCountry "NED"]
[SourceTitle "playchess.com"]
[Source "ChessBase"]
[SourceQuality "1"]
[TimeControl "40/6000+30:30/3000+30:900+30"]

1. e4 d5 2. exd5 Qxd5 3. Nc3 Qd6 4. d4 Nf6 5. Nf3 Nc6 6. Nb5 {[%emt 0:12:24] B01: Scandinavian Defence.} Qd8 (6... Qe6+ $2 7. Ne5 Kd8 8. Bc4 $18) 7. c4 Bg4 8. Be2 {[%emt 0:04:28] White is slightly better.} (8. Bf4 e5 9. Bxe5 (9. dxe5 Bb4+ 10. Nc3 Qxd1+ 11. Rxd1 Ne4 $15) 9... Bb4+ 10. Nc3 Qe7 $15) (8. d5 $5 a6 9. Nc3 $14) 8... a6 9. Nc3 {[%emt 0:00:18] [#]} Bxf3 $146 ({Predecessor:} 9... e6 10. O-O Be7 11. h3 Bxf3 12. Bxf3 Nxd4 13. Bxb7 Ra7 14. Be3 Rxb7 15. Bxd4 O-O {½-½ Berezjuk,S (2440)-Vojtek,V (2374) SVK-chT 0607 2006 (11)}) 10. Bxf3 Nxd4 11. Bxb7 {[%emt 0:08:04] This pair of bishops is nice.} Rb8 12. Be3 Rxb7 13. Bxd4 c6 $1 14. Ne2 e6 15. O-O $36 {[%emt 0:00:37][%mdl 2048] Black is under pressure.} c5 16. Be5 Qxd1 17. Raxd1 Nd7 18. Bc3 Nb8 19. Ng3 Nc6 20. Ne4 {[%emt 0:00:39][%cal Oc3g7] Hoping for Bxg7!} Nd4 21. Rfe1 {[%emt 0:04:40] Dodges Ne2+} h5 (21... Rd7 $14) 22. Rd2 (22. b4 $142 $1 ) 22... Nf5 (22... Be7 $16) 23. Red1 (23. Nf6+ $18 Ke7 24. Ne4) 23... Be7 $16 24. Nxc5 {[%emt 0:01:07][%mdl 64] Double Attack. White is much more active.} Rc7 25. Nxa6 Rxc4 {[%emt 0:00:08] [#]} 26. Bb4 $1 {[%emt 0:02:33][%cal Od2d7][%mdl 64] aiming for Rd7! Deflection} O-O (26... Bxb4 $2 27. Rd8+ Ke7 28. Rxh8 $18) (26... Rxb4 $2 27. Nxb4 Bg5 28. Rc2 $18) 27. Bxe7 Nxe7 28. b3 {[%emt 0:00:04] Inhibits Ra4.} Rc6 29. Nb4 Rb6 30. a3 Kh7 31. Rd7 Nd5 32. Nxd5 exd5 33. R7xd5 Rxb3 34. Rxh5+ {[%emt 0:00:24][%mdl 4096] Endgame KRR-KRR} Kg6 35. Ra5 Rd8 36. Ra1 (36. Rxd8 $2 Rb1+) 36... Rd2 37. h4 $1 Rbb2 38. Rg5+ Kf6 39. f3 g6 40. Rg4 Rd5 41. a4 Kg7 (41... Ra5 $142 42. Kh2 Rb8) 42. a5 $18 {[%emt 0:01:09] a6 would be deadly.} f5 {[%emt 0:00:00] [#]} 43. Rg5 (43. Rg3 $1 $18) 43... Kh6 {[%emt 0:00:00][%mdl 8192] This costs Black the game.} (43... Kf6 $16) 44. f4 (44. a6 Rbd2 $16) 44... Rbb5 45. h5 (45. a6 Ra5 46. Re1 (46. Rxa5 Rxa5 47. g3 Rxa6 $14) 46... Rxa6 $14) 45... gxh5 {[%emt 0:00:00] [#]} (45... Rxa5 $142 46. Rxa5 (46. Rxg6+ Kxh5 47. Rg5+ Kh6 $18) 46... Rxa5 47. hxg6 (47. Rxg6+ Kxh5 48. Rg7 Kh4 $14) 47... Kg7) 46. Ra3 $1 {[%emt 0:00:00] White wants to mate with Rh3.} ({Weaker is} 46. a6 Ra5 47. Re1 (47. Rxa5 Rxa5 48. Kh2 Rxa6 $11) 47... Rxa6 $11) 46... Rd1+ 47. Kh2 {[%emt 0:00:00] Intending Rh3 and mate.} Rbb1 48. Rxf5 {[%emt 0:00:00] Black must now prevent a6.} h4 49. Kh3 Rh1+ 50. Kg4 Rbg1 (50... Rh2 $18 51. a6 Rxg2+ 52. Kh3 (52. Kxh4 Rh1+ 53. Rh3 Ra1 $11) 52... Rg8) 51. Rh5+ Kg6 52. Rg5+ Kf6 53. Kh5 {[%emt 0:00:00] Weighted Error Value: White=0.10 (very precise) /Black=0.41} (53. a6 $142 Rxg2+ 54. Kh5) 1-0